 Dungeon Crawl Stone Soup version 0.31-a0-675-g238779eb0a (webtiles) character file.

Game seed: 13676520369268152560

1456 qw the Skirmisher (level 8, 0/51 HPs)
             Began as a Gargoyle Hunter on Sept 5, 2023.
             Slain by Maggie
             ... wielding a +2 halberd of protection
              (3 damage)
             ... on level 7 of the Dungeon.
             The game lasted 00:02:20 (4991 turns).

qw the Skirmisher (Gargoyle Hunter)                 Turns: 4991, Time: 00:02:21

Health: 0/51       AC: 11    Str: 20    XL:     8   Next: 76%
Magic:  0/0        EV: 12    Int: 11    God:
Gold:   210        SH:  0    Dex: 17    Spells: 7/7 levels left

rFire   . . .        Y - +0 orcbow
rCold   . . .        (shield currently unavailable)
rNeg    + . .        o - +0 ring mail
rPois   inf          (no helmet)
rElec   +            b - scarf {repulsion}
rCorr   .            (no gloves)
SInv    .            (no boots)
Will    +....        k - amulet "Hyracy" {Will+ Regen+ MP-9 Str+6 Dex+2}
Stlth   +            (no ring)
HPRegen 1.08/turn    (no ring)
MPRegen 0.07/turn

%: repel missiles
@: mesmerised
A: sickness immunity, AC +5, negative energy resistance 1, electricity
resistance, torment resistance 1, petrification resistance
a: no special abilities


You were on level 7 of the Dungeon.
You visited 2 branches of the dungeon, and saw 8 of its levels.
You also visited: Sewer.

You collected 428 gold pieces.
You spent 218 gold pieces at shops.


Innate Abilities, Weirdness & Mutations

You are immune to sickness and miasma.
Your stone body is resilient. (AC +5)
You are immune to poison.
You resist negative energy. (rN+)
You are resistant to electric shocks. (rElec)
You are resistant to unholy torment.
You are immune to petrification.


   Skills:
 - Level 6.2 Fighting
 + Level 9.4 Ranged Weapons
 - Level 2.3 Armour
 - Level 2.4 Dodging
 - Level 1.1 Stealth


You had 7 spell levels left.
You didn't know any spells.
Your spell library was empty.

Inventory:

Hand Weapons
 Y - a +0 orcbow (weapon)
Armour
 b - a scarf of repulsion (worn)
 o - a +0 ring mail (worn)
Jewellery
 k - the amulet "Hyracy" (around neck) {Will+ Regen+ MP-9 Str+6 Dex+2}
   (You found it on level 4 of the Dungeon)

   [amulet of regeneration]

   Str+6:     It affects your strength (+6).
   Dex+2:     It affects your dexterity (+2).
   Will+:     It increases your willpower.
   MP-9:      It affects your magic capacity (-9).
   Regen+:    It increases your rate of health regeneration.
Scrolls
 j - 4 scrolls of identify
Potions
 d - a potion of resistance
 f - 2 potions of curing
 g - 2 potions of mutation
 h - a potion of enlightenment
 i - 2 potions of haste

Dungeon Overview and Level Annotations

Branches:
Dungeon (7/15)             Temple (1/1) D:5           Sewer (visited)

Altars:
Ashenzari
Cheibriados
Dithmenos
Elyvilon
Fedhas
Gozag
Hepliaklqana
Kikubaaqudgha
Makhleb
Nemelex Xobeh
Qazlal
Ru
Sif Muna
Uskayaw
Vehumet
Wu Jian
Yredelemnul
Zin
The Shining One

Shops:
D:2 *   D:3 :?[?

Annotations:
D:5 1 runed translucent door, Crazy Yiuf
D:7 Maggie


Message History

Maggie hits you from afar with a +2 halberd of protection.
4986 |||
Found retreat position at 0,-1 (orc warrior; floor) with 0 blocking monsters and 2 monsters attacking at destination at distance 1 You shoot an arrow.
The arrow barely misses the orc warrior.
The arrow barely misses Maggie.
The orc warrior barely misses you. The orc barely misses you.
Maggie barely misses you.
4987 |||
Found retreat position at 0,-1 (orc warrior; floor) with 0 blocking monsters and 2 monsters attacking at destination at distance 1 You shoot an arrow.
The arrow barely misses the orc warrior.
The arrow hits Maggie but does no damage.
Maggie is heavily wounded.
The orc warrior barely misses you. The orc hits you but does no damage.
Maggie hits you from afar with a +2 halberd of protection!
4988 |||
Found retreat position at 0,-1 (orc warrior; floor) with 0 blocking monsters and 2 monsters attacking at destination at distance 1 You shoot an arrow.
The arrow closely misses the orc warrior.
The arrow hits Maggie.
Maggie is heavily wounded.
The orc warrior hits you with a +0 war axe.
The orc hits you but does no damage. Maggie barely misses you.
The orc warrior barely misses you.
4989 |||
Found retreat position at 0,-1 (orc warrior; floor) with 0 blocking monsters and 2 monsters attacking at destination at distance 1 You shoot an arrow.
The arrow closely misses the orc warrior.
The arrow closely misses Maggie.
The orc barely misses you.
Maggie gestures wildly while chanting.
Maggie attempts to bespell you!
You are mesmerised by Maggie!
The orc warrior hits you with a +0 war axe.
4990 |||
Found retreat position at 0,-1 (orc warrior; floor) with 0 blocking monsters and 2 monsters attacking at destination at distance 1 You shoot an arrow.
The arrow hits the orc warrior.
You kill the orc warrior!
The orc closely misses you.
Maggie hits you from afar with a +2 halberd of protection.
The orc hits you but does no damage.
You shoot an arrow. The arrow closely misses the orc.
Maggie hits you from afar with a +2 halberd of protection.
You die...

#.#.........#
#.$#...<....#
#...?.##...##
.##)....##)..##
..............##
.................^
........@......?..
.##.####)#...#.###
#. #@#...#.#
#......o.....#
#.##....####.#
......# .#
.......# #........
######.[. #.###


You could see Maggie (mesmerising) and an orc.

Vanquished Creatures
  3 ice beasts
  3 black bears
  An orc warrior (D:7)
  A centaur (D:6)
  Blork the orc (D:5)
  A bullfrog (D:3)
  5 hounds
  A jelly (D:4)
  5 iguanas
  An orc wizard (D:4)
  A hell rat (Sewer)
  4 gnolls (D:4)
  7 adders
  2 river rats (Sewer)
  A white imp (D:4)
  2 worms
  5 dart slugs
  10 orcs
  2 ball pythons
  10 endoplasms
  2 giant cockroaches (D:3)
  11 goblins
  7 hobgoblins
  3 jackals (D:1)
  A quokka (D:3)
  4 bats
  5 frilled lizards (D:1)
  5 kobolds
  17 rats
121 creatures vanquished.

Notes
Turn   | Place    | Note
-------+----------+-------------------------------------------
     0 | D:1      | qw the Gargoyle Hunter began the quest for the Orb.
     0 | D:1      | Reached XP level 1. HP: 12/12 MP: 1/1
     0 | D:1      | 0 ||| qw: Version: 0.3-a-75-g829b12e
     0 | D:1      | 0 ||| qw: Game counter: 199
     0 | D:1      | 0 ||| qw: Melee chars always use a shield: true
     0 | D:1      | 0 ||| qw: God list: Okawaru
     0 | D:1      | 0 ||| qw: Allow faded altars: false
     0 | D:1      | 0 ||| qw: Do Orc after clearing Dungeon:15 true
     0 | D:1      | 0 ||| qw: Do second Lair branch before Depths: true
     0 | D:1      | 0 ||| qw: Lair rune preference: random
     0 | D:1      | 0 ||| qw: Goals: Normal
     0 | D:1      | 0 ||| PLANNING D:1-11
    58 | D:1      | Reached XP level 2. HP: 13/17 MP: 2/2
   594 | D:1      | Found a faded altar of an unknown god.
   602 | D:1      | Reached XP level 3. HP: 21/21 MP: 3/3
   628 | D:1      | Reached skill level 5 in Ranged Weapons
   663 | D:1      | 663 ||| READING scroll labelled JEYXODE FAATEEBB.
   664 | D:1      | 664 ||| READING scroll labelled NOMPUE ALACA.
   665 | D:1      | 665 ||| DRINKING 3 viscous red potions.
   666 | D:1      | 666 ||| DROPPING scroll of butterflies.
   852 | D:2      | Found Tawy's Assorted Antiques.
   864 | D:2      | 864 ||| BUYING bubbling cyan potion (18 gold).
   864 | D:2      | Bought a bubbling cyan potion for 18 gold pieces
   864 | D:2      | 864 ||| BUYING bubbling cyan potion (18 gold).
   864 | D:2      | Bought a bubbling cyan potion for 18 gold pieces
   864 | D:2      | 864 ||| SHOPLISTING pair of boots (90 gold, have 45).
   864 | D:2      | 864 ||| BUYING scroll labelled HATENUPN EVONK (20 gold).
   864 | D:2      | Bought a scroll labelled HATENUPN EVONK for 20 gold pieces
   864 | D:2      | 864 ||| DROPPING +3 sling.
   999 | D:2      | Reached skill level 3 in Fighting
   999 | D:2      | Reached XP level 4. HP: 28/28 MP: 4/4
  1315 | D:2      | 1315 ||| UPGRADING to +0 ring mail.
  1325 | D:2      | 1325 ||| DROPPING +0 leather armour.
  1326 | D:2      | 1326 ||| READING scroll labelled LENLOP ECZOTE.
  1327 | D:2      | 1327 ||| READING 2 scrolls labelled ATSOC QAH XOT.
  1331 | D:2      | 1331 ||| READING scroll labelled LIDDOL QEAKUS.
  1332 | D:2      | 1332 ||| READING scroll labelled HATENUPN EVONK.
  1333 | D:2      | 1333 ||| DRINKING 2 bubbling cyan potions.
  1334 | D:2      | 1334 ||| READING 2 scrolls of identify.
  1334 | D:2      | 1334 ||| IDENTIFYING golden potion
  1335 | D:2      | 1335 ||| DROPPING potion of attraction.
  1336 | D:2      | 1336 ||| DROPPING potion of brilliance.
  1367 | D:3      | Found Baeliruy's Magic Scroll Shoppe.
  1381 | D:3      | 1381 ||| SHOPLISTING scroll of enchant armour (97 gold,
                  | have 84).
  1381 | D:3      | 1381 ||| BUYING scroll of identify (26 gold).
  1381 | D:3      | Bought a scroll of identify for 26 gold pieces
  1381 | D:3      | 1381 ||| BUYING scroll of identify (26 gold).
  1381 | D:3      | Bought a scroll of identify for 26 gold pieces
  1381 | D:3      | 1381 ||| BUYING scroll of identify (26 gold).
  1381 | D:3      | Bought a scroll of identify for 26 gold pieces
  1381 | D:3      | 1381 ||| SHOPLISTING scroll of identify (26 gold, have 6).
  1490 | D:3      | Reached skill level 1 in Armour
  1883 | D:3      | Found a white marble altar of Elyvilon.
  1916 | D:3      | Found a shimmering blue altar of Sif Muna.
  2099 | D:3      | Found Nowul's Antique Armour Shoppe.
  2102 | D:3      | 2102 ||| SHOPLISTING cloak (139 gold, have 100).
  2102 | D:3      | 2102 ||| SHOPLISTING dyed leather armour (155 gold, have
                  | 100).
  2102 | D:3      | 2102 ||| SHOPLISTING embroidered robe (114 gold, have 100).
  2102 | D:3      | 2102 ||| SHOPLISTING twisted ring mail (279 gold, have
                  | 100).
  2265 | D:3      | Found Qof Zaas's Book Emporium.
  2300 | D:3      | Found Coptoeg's Magic Scroll Shoppe.
  2309 | D:3      | 2309 ||| BUYING scroll of identify (28 gold).
  2309 | D:3      | Bought a scroll of identify for 28 gold pieces
  2309 | D:3      | 2309 ||| BUYING scroll of identify (28 gold).
  2309 | D:3      | Bought a scroll of identify for 28 gold pieces
  2309 | D:3      | 2309 ||| BUYING scroll of identify (28 gold).
  2309 | D:3      | Bought a scroll of identify for 28 gold pieces
  2366 | D:3      | 2366 ||| UPGRADING to scarf of repulsion.
  2371 | D:3      | 2371 ||| READING scroll labelled ITUNNU NAMNO.
  2372 | D:3      | 2372 ||| DRINKING 4 grey potions.
  2373 | D:3      | 2373 ||| READING 7 scrolls of identify.
  2373 | D:3      | 2373 ||| IDENTIFYING sedimented purple potion
  2374 | D:3      | 2374 ||| READING 6 scrolls of identify.
  2374 | D:3      | 2374 ||| IDENTIFYING metallic grey potion
  2375 | D:3      | 2375 ||| READING 5 scrolls of identify.
  2375 | D:3      | 2375 ||| IDENTIFYING green potion
  2376 | D:3      | 2376 ||| READING 4 scrolls of identify.
  2376 | D:3      | 2376 ||| IDENTIFYING puce potion
  2457 | D:4      | Noticed an ice beast
  2462 | D:4      | 2462 ||| STAIRDANCE
  2468 | D:3      | Killed an ice beast
  2469 | D:3      | Reached skill level 6 in Ranged Weapons
  2469 | D:3      | Reached XP level 5. HP: 16/32 MP: 5/5
  2542 | D:4      | 2542 ||| STAIRDANCE
  2590 | D:4      | 2590 ||| Stepping ~*~*~tactically~*~*~ (outnumbered).
  2597 | D:4      | Reached XP level 6. HP: 37/37 MP: 6/6
  2605 | D:4      | HP: 9/38 [gnoll/+0 spear (3)]
  2606 | D:4      | 2606 ||| READING scroll of teleportation.
  2606 | D:4      | HP: 4/38 [gnoll/+0 spear (5)]
  2607 | D:4      | 2607 ||| DRINKING 3 potions of heal wounds.
  2654 | D:4      | 2654 ||| Stepping ~*~*~tactically~*~*~ (water).
  2656 | D:4      | 2656 ||| Stepping ~*~*~tactically~*~*~ (water).
  2659 | D:4      | 2659 ||| Stepping ~*~*~tactically~*~*~ (water).
  2668 | D:4      | Noticed a black bear
  2669 | D:4      | 2669 ||| RETREATING.
  2693 | D:4      | 2693 ||| FLEEEEING.
  2694 | D:4      | 2694 ||| STAIRDANCE
  2769 | D:4      | 2769 ||| STAIRDANCE
  2783 | D:3      | Reached skill level 7 in Ranged Weapons
  2850 | D:4      | Killed a black bear
  2851 | D:4      | Reached XP level 7. HP: 18/43 MP: 7/7
  2851 | D:4      | 2851 ||| STAIRDANCE
  3041 | D:4      | Found a sacrificial altar of Ru.
  3079 | D:4      | Identified the amulet "Hyracy" {Will+ Regen+ MP-9 Str+6
                  | Dex+2}
  3281 | D:4      | Reached skill level 8 in Ranged Weapons
  3386 | D:4      | 3386 ||| UPGRADING to amulet "Hyracy" {Will+ Regen+ MP-9
                  | Str+6 Dex+2}.
  3391 | D:4      | 3391 ||| DROPPING ring of flight.
  3392 | D:4      | 3392 ||| READING scroll labelled PYCZOU ZAWNITO.
  3393 | D:4      | 3393 ||| DRINKING 3 smoky coppery potions.
  3394 | D:4      | 3394 ||| DRINKING 3 potions of curing.
  3394 | D:4      | 3394 ||| (to cure confusion)
  3395 | D:4      | 3395 ||| DROPPING 2 potions of ambrosia.
  3428 | D:5      | Entered Level 5 of the Dungeon
  3429 | D:5      | 3429 ||| PLANNING SEWER
  3436 | D:5      | 3436 ||| STAIRDANCE
  3473 | D:5      | Found a runed translucent door.
  3474 | D:5      | Noticed Crazy Yiuf
  3525 | D:5      | HP: 7/43 [worm (7)]
  3526 | D:5      | 3526 ||| DRINKING 2 potions of heal wounds.
  3550 | D:5      | Noticed Blork the orc
  3566 | D:5      | Killed Blork the orc
  3567 | D:5      | Reached XP level 8. HP: 40/49 MP: 0/8
  3709 | D:5      | Found a glowing drain.
  3710 | D:5      | 3710 ||| READING 4 scrolls of identify.
  3710 | D:5      | 3710 ||| IDENTIFYING glowing cyan potion
  3711 | D:5      | 3711 ||| DROPPING potion of lignification.
  3724 | Sewer    | Entered a sewer
  3751 | Sewer    | 3751 ||| Stepping ~*~*~tactically~*~*~ (water).
  3766 | Sewer    | 3766 ||| Stepping ~*~*~tactically~*~*~ (water).
  3784 | Sewer    | 3784 ||| Stepping ~*~*~tactically~*~*~ (water).
  3828 | Sewer    | 3828 ||| READING scroll labelled ARA HAPLARAELL.
  3829 | Sewer    | 3829 ||| READING 5 scrolls of identify.
  3829 | Sewer    | 3829 ||| IDENTIFYING metallic brown potion
  3830 | Sewer    | 3830 ||| DROPPING potion of degeneration.
  3841 | D:5      | 3841 ||| PLANNING D:1-11
  3925 | D:5      | Found a staircase to the Ecumenical Temple.
  3926 | D:5      | 3926 ||| PLANNING TEMPLE
  3934 | Temple   | Entered the Ecumenical Temple
  3935 | Temple   | 3935 ||| PLANNING D:1-11
  4296 | D:6      | Found a stormy altar of Qazlal.
  4337 | D:6      | HP: 10/49 [ice beast (7)]
  4338 | D:6      | 4338 ||| DRINKING 2 potions of heal wounds.
  4349 | D:6      | Reached skill level 9 in Ranged Weapons
  4417 | D:6      | Found a radiant altar of Vehumet.
  4664 | D:6      | Reached skill level 6 in Fighting
  4689 | D:6      | 4689 ||| SWAPPING to +0 orcbow.
  4690 | D:6      | 4690 ||| DROPPING +0 shortbow.
  4923 | D:6      | 4923 ||| DROPPING amulet of regeneration.
  4924 | D:6      | 4924 ||| READING scroll labelled DOVACE WEUNUA.
  4952 | D:7      | Noticed Maggie
  4954 | D:7      | 4954 ||| RETREATING.
  4965 | D:7      | 4965 ||| Stepping ~*~*~tactically~*~*~ (retreating).
  4966 | D:7      | 4966 ||| Stepping ~*~*~tactically~*~*~ (retreating).
  4967 | D:7      | 4967 ||| Stepping ~*~*~tactically~*~*~ (retreating).
  4970 | D:7      | 4970 ||| Stepping ~*~*~tactically~*~*~ (retreating).
  4971 | D:7      | 4971 ||| Stepping ~*~*~tactically~*~*~ (retreating).
  4972 | D:7      | 4972 ||| Stepping ~*~*~tactically~*~*~ (retreating).
  4973 | D:7      | 4973 ||| Stepping ~*~*~tactically~*~*~ (retreating).
  4978 | D:7      | HP: 10/51 [orc warrior/+0 war axe (12)]
  4979 | D:7      | 4979 ||| DRINKING potion of heal wounds.
  4987 | D:7      | HP: 11/51 [Maggie/+2 halberd of protection (7)]
  4989 | D:7      | HP: 5/51 [orc warrior/+0 war axe (6)]
  4990 | D:7      | HP: 2/51 [Maggie/+2 halberd of protection (4)]
  4991 | D:7      | Slain by Maggie

Levels and vault maps discovered:
D:1:      matt_arrival_diagonals, layout_basic,
          shapermc_ecumenical_altar_acropolis
D:2:      layout_basic, serial_shops, nicolae_shop_trees,
          chequers_serial_rivers_micro_e, nicolae_houndstooth_variations
D:3:      kb_forest_paths, layout_basic, mainiacjoe_overflow_paths,
          mainiacjoe_overflow_cross_hatched, serial_shops,
          nicolae_shop_hallway_plus, shop_coins, nicolae_shop_real_fake_doors,
          nicolae_book_shop_shelving
D:4:      layout_rooms, nicolae_ru_great_annihilating_truth,
          serial_bayou_ford_a, minmay_hedge_maze
D:5:      layout_rooms, temple_green, cheibrodos_sewer_entry_drain,
          hex_intersection, nicolae_figureground_sparkle, uniq_blork_the_orc,
          uniq_crazy_yiuf_cottage
D:6:      layout_cave_pods, vehumet_crystals, grunt_qazlal_sundering
D:7:      layout_loops_ring, tgw_trog, sigmund_army, uniq_prince_ribbit1,
          uniq_maggie
Temple:   eino_narrow_crystal_temple

Skill      XL: |  1  2  3  4  5  6  7  8 |
---------------+-------------------------+-----
Ranged Weapons | 5 6 7 8 9 |  9.4
Fighting       | 3 4 5 6 |  6.2
Armour         | 1 2 |  2.3
Dodging        | 2 |  2.4
Stealth        | |  1.1

Action                     |  1- 3 |  4- 6 |  7- 9 || total
---------------------------+-------+-------+-------++-------
   Fire: Shortbow          |    94 |   167 |   269 ||   530
         Orcbow            |       |       |    30 ||    30
    Use: Scroll            |     2 |    11 |     5 ||    18
         Potion            |     1 |     3 |     5 ||     9
 Armour: Leather armour    |    28 |       |       ||    28
         Ring mail         |       |   106 |   169 ||   275
  Dodge: Dodged            |    22 |    73 |   152 ||   247
         Repelled          |       |     1 |     1 ||     2

Table legend:
 A = Non-vault XP
 B = Vault XP
 C = Vault XP percentage of total XP
 D = Non-vault monster count
 E = Vault monster count
 F = Vault count percentage of total count
                 A         B        C        D         E       F
            +---------+---------+-------+---------+---------+-------
      Total |    1817 |     264 |  12.7 |      98 |      23 |  19.0
            +---------+---------+-------+---------+---------+-------
        D:1 |      39 |       0 |   0.0 |      24 |       0 |   0.0
        D:2 |      49 |       0 |   0.0 |      11 |       0 |   0.0
        D:3 |     263 |      37 |  12.3 |      18 |       6 |  25.0
        D:4 |     392 |      53 |  11.9 |      22 |       4 |  15.4
        D:5 |     389 |     106 |  21.4 |       9 |       3 |  25.0
        D:6 |     507 |       0 |   0.0 |      10 |       0 |   0.0
        D:7 |     178 |       0 |   0.0 |       4 |       0 |   0.0
      Sewer |       0 |      68 | 100.0 |       0 |      10 | 100.0
            +---------+---------+-------+---------+---------+-------
